 Dungeon Crawl Stone Soup version 0.22-a0-533-g4d20840 (webtiles) character file.

256 Hebeh the Chopper (level 5, -7/49 HPs)
             Began as a Deep Dwarf Fighter on June 22, 2018.
             Killed by divine providence
             ... invoked by an orc priest
              (11 damage)
             ... on level 4 of the Dungeon.
             The game lasted 00:09:02 (2359 turns).

Hebeh the Chopper (Deep Dwarf Fighter)              Turns: 2359, Time: 00:09:04

Health: -7/49      AC:  8    Str: 20    XL:     5   Next: 92%
Magic:  4/4        EV:  7    Int:  9    God:
Gold:   153        SH:  9    Dex: 12    Spells: 4/4 levels left

rFire    . . .     SeeInvis .   a - +1 war axe
rCold    . . .     Gourm    .   c - +0 shield
rNeg     . . .     Faith    .   b - +0 scale mail
rPois    .         Spirit   .   h - +0 helmet
rElec    .         Reflect  .   (no cloak)
rCorr    .         Harm     .   (no gloves)
MR       .....                  (no boots)
Stlth    +.........             (no amulet)
HPRegen  0.00/turn              k - ring of stealth
MPRegen  0.09/turn              o - ring of flight

@: non-regenerating
A: damage resistance, heal wounds, sense surroundings 1, no regeneration
a: Heal Wounds, Evoke Flight


You were on level 4 of the Dungeon.
You were not hungry.

You visited 1 branch of the dungeon, and saw 4 of its levels.

You collected 153 gold pieces.

Inventory:

Hand Weapons
 a - a +1 war axe (weapon)
 l - the +3 rapier of Incongruity {flame, +Rage Int+4}
   (You found it on level 4 of the Dungeon)

   It has been specially enchanted to burn those struck by it, causing extra
   injury to most foes and up to half again as much damage against particularly
   susceptible opponents.
   It affects your intelligence (+4).
   It lets you go berserk.
Armour
 b - a +0 scale mail (worn)
 c - a +0 shield (worn)
 h - a +0 helmet (worn)
Jewellery
 k - a ring of stealth (left hand)
 o - a ring of flight (right hand)
 q - an uncursed ring of poison resistance {unknown}
Scrolls
 e - 3 scrolls of remove curse
 g - 4 scrolls of identify
 j - 3 scrolls of enchant weapon
Potions
 d - a potion of might
 m - 2 potions of curing
Comestibles
 f - 4 rations
 i - 2 chunks of flesh


   Skills:
 + Level 3.6 Fighting
 * Level 4.6 Axes
 + Level 4.3 Armour
 + Level 4.4 Shields


You had 4 spell levels left.
You didn't know any spells.
Your spell library was empty.

Dungeon Overview and Level Annotations

Branches:
Dungeon (4/15)
 Temple: D:4-7

Altars:
Elyvilon
Vehumet
The Shining One

Annotations:
D:3 3 runed doors, kae's ghost, amateur DsTm


Innate Abilities, Weirdness & Mutations

You are resistant to damage.
You can heal yourself by infusing magical energy.
You passively map a small area around you.
You do not regenerate.


Message History

The orc priest hits you but does no damage.
The orc closely misses you. The orc hits you but does no damage.
You slash the orc priest!
The orc priest is heavily wounded.
You hit the orc.
You kill the orc!
You slash the orc priest!
You kill the orc priest!
You closely miss the orc.
The orc priest looks braver for a moment.
You block the orc's attack.
The orc priest invokes the aid of Beogh against you.
Beogh smites you!
* * * LOW HITPOINT WARNING * * *
You completely miss the orc priest.
The orc priest is heavily wounded.
You hit the orc. You block the orc's attack.
The orc priest mumbles some strange prayers to Beogh against you.
Beogh smites you!
You die...

#.....# * #.....# *
......# #... ......#
* #...##....#
#...##....##
#....#)o...#
#...##@o...# *
#...##.)...#
#..........#
#..........# ,
#...###########
#...#.........# * ##
#...#.........# * ,
. #.............#
*,, ,
*###...........#####
,,


You could see an orc priest and an orc.

Vanquished Creatures
  A crimson imp (D:3)
  An orc priest (D:4)
  Terence (D:2)
  2 orc wizards
  5 adders
  2 oozes (D:1)
  A worm (D:2)
  2 leopard geckos
  8 orcs
  3 ball pythons (D:1)
  3 giant cockroaches
  6 goblins
  6 hobgoblins
  A quokka (D:2)
  5 bats
  A frilled lizard (D:1)
  4 kobolds
  3 rats
55 creatures vanquished.

Vanquished Creatures (others)
  A rat (D:2)
1 creature vanquished.

Grand Total: 56 creatures vanquished

Notes
Turn   | Place    | Note
-------+----------+-------------------------------------------
     0 | D:1      | Hebeh the Deep Dwarf Fighter began the quest for the Orb.
     0 | D:1      | Reached XP level 1. HP: 20/20 MP: 1/1
     3 | D:1      | Noticed an electric eel
     6 | D:1      | Noticed an electric eel
   105 | D:1      | Reached XP level 2. HP: 25/27 MP: 2/2
   545 | D:1      | Reached XP level 3. HP: 17/33 MP: 3/3
   708 | D:2      | Found a glowing golden altar of the Shining One.
   974 | D:2      | Noticed Terence
   979 | D:2      | Found a faded altar of an unknown god.
   991 | D:2      | Killed Terence
  1005 | D:2      | Reached XP level 4. HP: 20/42 MP: 4/4
  1316 | D:2      | Found a white marble altar of Elyvilon.
  1604 | D:3      | Found a radiant altar of Vehumet.
  1703 | D:3      | Found a runed gate.
  1703 | D:3      | Found a runed gate.
  1703 | D:3      | Found a runed gate.
  1806 | D:3      | Reached XP level 5. HP: 14/49 MP: 5/5
  2087 | D:3      | Noticed kae's ghost (amateur DsTm)
  2338 | D:4      | Got a jewelled rapier
  2339 | D:4      | Identified the +3 rapier of Incongruity {flame, +Rage Int+4} (You found it on level 4 of the Dungeon)
  2359 | D:4      | Killed from afar by an orc priest

Vault maps used:
D:1:      arrival_aquarium_b
D:2:      nicolae_overflow_crystal_walls, elyvilon_altar_4,
          chequers_ecumenical_altar_simple, uniq_terence
D:3:      fiery_altar_vehumet, gammafunk_ghost_necromancy, first_ration
D:4:      temple_statues, uniq_edmund

Skill      XL: |  1  2  3  4 |
---------------+-------------+-----
Axes           | 3 4 |  4.6
Fighting       | 3 |  3.6
Armour         | 4 |  4.3
Shields        | 4 |  4.4

Action                   |  1- 3 |  4- 6 || total
-------------------------+-------+-------++-------
Melee: War axe           |    87 |    75 ||   162
 Abil: Heal Wounds       |       |     2 ||     2
  Use: Scroll            |       |     8 ||     8
  Eat: Chunk             |       |     5 ||     5
Armor: Scale mail        |    37 |    32 ||    69
Dodge: Dodged            |    28 |    24 ||    52
Block: Shield            |    47 |    40 ||    87

Table legend:
 A = Spawn XP
 B = Non-spawn XP
 C = Spawn XP percentage of total XP
 D = Spawn monster count
 E = Non-spawn monster count
 F = Spawn count percentage of total count
 G = Total turns spent on level
                    A         B        C        D         E        F      G
               +---------+---------+-------+---------+---------+-------+---------
         Total |       0 |     366 |   0.0 |       0 |      55 |   0.0 |  2359
               +---------+---------+-------+---------+---------+-------+---------
           D:1 |       0 |      43 |   0.0 |       0 |      20 |   0.0 |   653
           D:2 |       0 |      97 |   0.0 |       0 |      16 |   0.0 |  1045
           D:3 |       0 |     128 |   0.0 |       0 |      12 |   0.0 |   435
           D:4 |       0 |      98 |   0.0 |       0 |       7 |   0.0 |   226
               +---------+---------+-------+---------+---------+-------+---------
